Unix NetHack Version 5.0.0-0 post-release - last build Jul 14 2026 02:55:29 (1809b74e8187c3a3585e283601c3028b46cbbdcb,branch:main).

Game began 2026-07-17 04:08:44, ended 2026-07-17 04:22:23.

Brudee, chaotic female human Rogue

     ----
    --..-
   |.....
  --.....
  |......0.....-
  --....%......-
  -.............
  .<.....    ..-
  .....%.   ....
    .)%..   -@...
     -).    -...-
     |..     .---
     |..
     -..
     ...
     ...
     ...
     -.-

Brudee the Cutpurse     St:13 Dx:18 Co:14 In:13 Wi:9 Ch:8  Chaotic S:672
Dlvl:3  $:30 HP:0(29) Pw:15(15) AC:5  Xp:4/128 T:992 

Latest messages:
 The gnomish wizard points at you, then curses.
 In what direction? h
 The dagger hits the gnomish wizard.
 L - 3 +0 daggers (at the ready) (10 in total).
 In what direction? u
 In what direction? n
 The dagger hits the gnomish wizard.
 The gnomish wizard points at you, then curses.
 You hit the gnomish wizard.
 The gnomish wizard points all around, then curses.
 You kill the gnomish wizard!
 L - a +0 dagger (at the ready) (9 in total).
 L - a +0 dagger (at the ready) (10 in total).
 L - a +0 dagger (at the ready) (11 in total).
 The giant rat bites!
 In what direction? h
 The dagger hits the giant rat.
 The giant rat bites!
 You hit the giant rat.
 The giant rat bites!
 You hit the giant rat.
 The giant rat just misses!
 In what direction? h
 You throw 2 daggers.
 The 1st dagger hits the giant rat.
 You kill the giant rat!
 L - 2 +0 daggers (at the ready) (10 in total).
 You see here a giant rat corpse.
 L - a +0 dagger (at the ready) (11 in total).
 You hit the gnome.
 The gnome hits!
 In what direction? l
 You throw 2 daggers.
 The 1st dagger hits it.
 You kill it!
 In what direction? l
 L - a +0 dagger (at the ready) (9 in total).
 You see here a white gem.
 You see here a giant rat corpse.
 You see here a giant rat corpse.
 You see here a white gem.
 P - a white gem.
 You see here a giant rat corpse.
 L - 2 +0 daggers (at the ready) (11 in total).
 You are hit by a crossbow bolt!
 You hear the howling of the CwnAnnwn...
 You are hit by a crossbow bolt!
 You die...
 Do you want your possessions identified? [ynq] (y) y
 Do you want to see your attributes? [ynq] (y) q

Inventory:
 Coins    ('$')
  $ - 30 gold pieces
 Weapons  (')')
  b - a +0 dagger (alternate weapon; not wielded)
  L - 11 +0 daggers (at the ready)
  n - a +0 orcish dagger
  O - the +0 Sting (weapon in right hand)
  a - a +1 short sword
 Armor    ('[')
  o - a cursed +0 orcish helm (being worn)
  c - an uncursed +2 leather armor (being worn)
 Comestibles  ('%')
  N - an uncursed slime mold
  r - 3 uncursed food rations
 Scrolls  ('?')
  M - an uncursed scroll of food detection
  t - an uncursed scroll of remove curse
 Spellbooks  ('+')
  x - an uncursed spellbook of chain lightning
  g - an uncursed spellbook of confuse monster
 Potions  ('!')
  h - an uncursed potion of healing
  v - an uncursed potion of invisibility
  d - an uncursed potion of sickness
 Rings    ('=')
  I - a cursed -3 ring of adornment
  J - an uncursed ring of aggravate monster
  A - a cursed ring of aggravate monster
  z - an uncursed ring of conflict (on right hand)
  E - an uncursed ring of fire resistance
  D - a cursed ring of hunger
  G - an uncursed +1 ring of increase damage
  B - an uncursed ring of protection from shape changers
  F - an uncursed ring of see invisible
  H - an uncursed ring of slow digestion (on left hand)
  C - an uncursed ring of stealth
 Wands    ('/')
  q - a wand of slow monster (0:4)
 Tools    ('(')
  f - an empty uncursed sack
  e - an uncursed lock pick
  i - an uncursed lock pick
 Gems/Stones  ('*')
  k - an uncursed amber stone
  K - an uncursed obsidian stone
  m - a cursed worthless piece of black glass
  p - an uncursed worthless piece of green glass
  P - an uncursed worthless piece of white glass

Brudee the Rogue's attributes:

Background:
 You were a Cutpurse, a level 4 female human Rogue.
 You were chaotic, on a mission for Kos
 who was opposed by Issek (lawful) and Mog (neutral).
 You were right-handed.
 You were in the Gnomish Mines, on level 3.
 You entered the dungeon 992 turns ago.
 It was nighttime.
 There was a new moon in effect when your adventure ended.
 You had 128 experience points, 32 more were needed to attain level 5.
 Your score was 672 before end-of-game adjustments.

Basics:
 You had 0 out of 29 hit points.
 You had all 15 energy points (spell power).
 Your armor class was 5.
 Your wallet contained 30 zorkmids.
 Autopickup was on for '$!=+?/"' plus thrown.

Final Characteristics:
 Your strength was 13 (limit:18/100).
 Your dexterity was 18 (limit:18).
 Your constitution was 14 (limit:18).
 Your intelligence was 13 (limit:18).
 Your wisdom was 9 (limit:18).
 Your charisma was 8 (limit:18).

Final Status:
 You weren't hungry.
 You were unencumbered.
 You were wielding a dagger.
 You had basic skill with dagger.

Final Attributes:
 You were devoutly aligned.
 You were aware of the presence of orcs.
 You were stealthy.
 You caused conflict.
 You had slower digestion.
 You were warded.
 You are dead.

Miscellaneous:
 You didn't encounter any bones levels.
 Total elapsed playing time was 13 minutes and 38 seconds.

Major events:
 Turn
    1: Brudee the chaotic female human Rogue entered the dungeon
  487: entered the Gnomish Mines
  706: stole 2801 zorkmids worth of merchandise from Varjag Njarga's jewelers
  871: attained the rank of Cutpurse (level 3)
  924: chose an elven dagger to be named "Sting"
  992: killed by a crossbow bolt

Spells:
 Name                 Level Category     Fail Retention
 confuse monster        1   enchantment   64%  76%-100%
 chain lightning        2   attack       100%  76%-100%

Skills:
 Fighting Skills
   bare handed combat [Unskilled]
   two weapon combat  [Unskilled]
   riding             [Unskilled]
 Weapon Skills
   dagger             [Basic]
   knife              [Unskilled]
   short sword        [Basic]
   broadsword         [Unskilled]
   long sword         [Unskilled]
   two-handed sword   [Unskilled]
   saber              [Unskilled]
   club               [Unskilled]
   mace               [Unskilled]
   morning star       [Unskilled]
   flail              [Unskilled]
   hammer             [Unskilled]
   polearms           [Unskilled]
   spear              [Unskilled]
   crossbow           [Unskilled]
   dart               [Unskilled]
   shuriken           [Unskilled]
 Spellcasting Skills
   divination spells  [Unskilled]
   escape spells      [Unskilled]
   matter spells      [Unskilled]

Voluntary challenges:
 Character rerolling was not enabled.
 You were an atheist.
 You never genocided any monsters.
 You never polymorphed an object.
 You never changed form.
 You used no wishes.
Achievements:
 You entered the Gnomish Mines.
 You entered a shop.
 You attained the rank of Cutpurse.

 The Dungeons of Doom: levels 1 to 3
    Level 1:
       Some fountains, a grave.
    Level 2:
       A ring shop, some fountains.
       Stairs down to The Gnomish Mines.
    Level 3:
 The Gnomish Mines:
    Level 3: <- You were here.
       Final resting place for
          you, killed by a crossbow bolt.


Vanquished creatures:
  a gnome leader
  a gnomish wizard
  a Kop Sergeant
  a hobbit
  a giant rat
  4 gnomes
  a Keystone Kop
  a gnome zombie
  2 jackals
  2 goblins
  3 sewer rats
  4 lichens
  3 newts
25 creatures vanquished.

No species were genocided or became extinct.

Game over:
                       ----------
                      /          \
                     /    REST    \
                    /      IN      \
                   /     PEACE      \
                  /                  \
                  |      Brudee      |
                  |      30 Au       |
                  |   killed by a    |
                  |  crossbow bolt   |
                  |                  |
                  |                  |
                  |       2026       |
                 *|     *  *  *      | *
        _________)/\\_//(\/(/\)/\//\/|_)_______

Goodbye Brudee the Rogue...

You died in The Gnomish Mines on dungeon level 3 with 669 points,
and 30 pieces of gold, after 992 moves.
You were level 4 with a maximum of 29 hit points when you died.

